AoeStats
← iqks3264

Arena

510531294Analyzed
1v1 RM · 18h ago on Oct 1, 2026· 68m 35s· 2 players
Game mode
Random Map
Map size
Tiny (2 player)
Population
200
Speed
Normal
Resources
Standard
Victory
Conquest
Starting age
Dark Age
Ending age
Imperial Age
RankedLock teamsTeams togetherTeam positionsShared explorationLock speedFull tech treeHidden civsTurbo modeCheats
Victory
Defeat
🇺🇸 Ethiopians · United States
637
+17
🇮🇳 Lithuanians · India
661
-19
ZDiddy
12:33 Feudal Age
10:52 Loom
13:33 Double-Bit Axe
14:07 Horse Collar
16:34 Castle Age
15:03 Gold Mining
15:09 Stone Mining
16:02 Fletching
18:36 Wheelbarrow
24:00 Town Watch
24:34 Hand Cart
26:13 Bow Saw
28:38 Stone Shaft Mining
31:04 Town Patrol
32:32 Gold Shaft Mining
31:59 Heavy Plow
33:31 Scale Mail Armor
33:44 Royal Heirs
35:07 Forging
34:53 Bodkin Arrow
36:27 Chain Mail Armor
39:41 Imperial Age
38:12 Squires
38:16 Crossbowman
39:43 Ballistics
39:38 Padded Archer Armor
40:14 Iron Casting
41:21 Halberdier
42:48 Conscription
42:07 Elite Shotel Warrior
43:56 Plate Mail Armor
44:26 Blast Furnace
43:27 Bracer
43:43 Leather Archer Armor
43:40 Thumb Ring
46:45 Arbalester
51:31 Ring Archer Armor
51:17 Masonry
52:08 Chemistry
52:34 Architecture
56:54 Scale Barding Armor
57:01 Siege Engineers
59:38 Chain Barding Armor
59:06 Arson
60:23 Murder Holes
60:39 Fortified Wall
61:44 Sanctity
62:39 Sappers
63:11 Torsion Engines
66:25 Elite Skirmisher
iqks3264
9:37 Feudal Age
10:03 Double-Bit Axe
10:00 Horse Collar
17:33 Castle Age
18:04 Stone Mining
19:50 Bow Saw
19:42 Heavy Plow
21:35 Wheelbarrow
22:48 Bloodlines
22:39 Husbandry
24:02 Scale Barding Armor
24:08 Forging
24:04 Man-at-Arms
24:09 Man-at-Arms
27:01 Long Swordsman
31:06 Chain Barding Armor
31:06 Gold Mining
32:03 Hand Cart
36:17 Imperial Age
34:53 Iron Casting
36:32 Cavalier
36:48 Elite Leitis
37:01 Two-Handed Swordsman
38:34 Loom
39:47 Plate Barding Armor
41:27 Scale Mail Armor
42:05 Champion
43:59 Capped Ram
45:58 Conscription
48:30 Chain Mail Armor
58:58 Ballistics
60:47 Chemistry
59:37 Pikeman
60:17 Squires
65:24 Coinage
Connection lost

Rejoining the realm…

Still unreachable

The connection could not be restored.

Session expired

The server has moved on; the page needs a fresh start.